 Dungeon Crawl Stone Soup version 0.28-a0-1555-g9ae15a6949 (webtiles) character file.

Game seed: 10358718229243268198

102 issech the Shield-Bearer (level 4, -8/44 HPs)
             Began as a Troll Fighter on Jan 18, 2022.
             Mangled by an ogre (27 damage)
             ... on level 4 of the Dungeon.
             The game lasted 00:10:02 (2422 turns).

issech the Shield-Bearer (Troll Fighter)            Turns: 2422, Time: 00:10:05

Health: -8/44      AC:  4    Str: 26    XL:     4   Next: 50%
Magic:  3/3        EV:  8    Int:  4    God:
Gold:   150        SH:  7    Dex:  9    Spells: 3/3 levels left

rFire   . . .      SeeInvis .   a - +0 flail
rCold   . . .      Faith    .   c - +0 kite shield
rNeg    . . .      Spirit   .   b - +0 robe
rPois   .          Reflect  .   (helmet restricted)
rElec   .          Harm     .   (no cloak)
rCorr   .          Rampage  .   (gloves unavailable)
Will    .....                   (boots unavailable)
Stlth   +.........              (no amulet)
HPRegen 0.94/turn               (no ring)
MPRegen 0.08/turn               (no ring)

@: no status effects
A: large, unfitting armour, claws 3, regeneration 1, shaggy fur 1, tough skin 1
a: no special abilities


You were on level 4 of the Dungeon.
You visited 1 branch of the dungeon, and saw 4 of its levels.

You collected 150 gold pieces.

Inventory:

Hand Weapons
 a - a +0 flail (weapon)
 k - a +0 dagger
 l - a +0 spear
 m - a +0 hand axe
 o - a +0 whip
 p - a +0 dagger
 r - a +2 antimagic spear
 s - a +0 dagger
 u - a +0 whip
 y - a +0 trident
 D - a +0 hand axe
 E - a +0 short sword
 I - a +0 club
 J - a +0 dagger
Missiles
 i - 46 sling bullets
 j - 9 poisoned darts (quivered)
 q - 73 stones
 B - 3 javelins
 C - 48 arrows
Armour
 b - a +0 robe (worn)
 c - a +0 kite shield (worn)
 g - a +0 pair of boots
 A - a +0 robe
 G - a +0 pair of gloves
Magical Staves
 t - a staff of poison
Wands
 x - a wand of digging (7)
 z - a wand of paralysis (11)
Scrolls
 f - 2 scrolls of identify {unknown}
 w - a scroll of vulnerability {unknown}
 F - a scroll of fog {unknown}
 H - a scroll of torment {unknown}
 K - a scroll of enchant weapon {unknown}
 L - a scroll of holy word {unknown}
Potions
 d - 2 potions of might
 e - a potion of haste {unknown}
 h - 2 potions of mutation {unknown}
 n - a potion of resistance {unknown}
 v - a potion of curing {unknown}


   Skills:
 + Level 2.9 Fighting
 + Level 2.8 Maces & Flails
 + Level 2.9 Dodging
 + Level 0.1 Stealth
 + Level 3.0 Shields


You had 3 spell levels left.
You didn't know any spells.
Your spell library contained the following spells:

 Spells                   Type           Power      Damage    Failure   Level
 Sublimation of Blood     Necr           0%         N/A       90%         2
 Tukima's Dance           Hex            0%         N/A       99%         3
 Anguish                  Hex/Necr       0%         N/A       100%        4
 Petrify                  Tmut/Erth      0%         N/A       100%        4
 Irradiate                Conj/Tmut      0%         3d13      100%        5
 Enfeeble                 Hex            0%         N/A       100%        7


Dungeon Overview and Level Annotations

Branches:
Dungeon (4/15)
 Temple: D:4-7

Altars:


Innate Abilities, Weirdness & Mutations

You are too large for most types of armour.
You have claws for hands.
Your natural rate of healing is unusually fast.
You are covered in fur. (AC +1)
You have tough skin. (AC +1)


Message History

The kobold throws a poisoned dart.
You block the poisoned dart.
You feel very sick. The kobold closely misses you.
You hit the kobold.
You kill the kobold!
You feel very sick.
You feel sick.
j - 9 poisoned darts (gained 4)
Things that are here:
a +0 dagger; a kobold corpse You feel sick.
J - a +0 dagger You feel sick.
You feel sick.
You feel sick.
You see here a kobold corpse.
There are no objects that can be picked up here. a kobold corpse You feel sick.
You are no longer poisoned.
K - a scroll labelled YMOWNA SOICIO
Things that are here:
a +0 club; a kobold corpse
Found a scroll labelled EDYCIM NOSAUTE.
L - a scroll labelled EDYCIM NOSAUTE
Found a book of Alchemy.
You pick up a book of Alchemy and begin reading...
You add the spells Sublimation of Blood, Petrify and Irradiate to your library.
Found 5 gold pieces.
An ogre comes into view. It is wielding a +0 giant spiked club.
The ogre shouts!
A hound comes into view.
You hit the ogre but do no damage. The ogre barely misses you.
You hit the ogre.
The ogre is moderately wounded.
The ogre hits you with a +0 giant spiked club!!
Ouch! That really hurt!
The ogre hits you with a +0 giant spiked club!!
Ouch! That really hurt!
You die...

#.# #.# #.#
#.#
#.############
#............#
############.#
#####
##.###......
#...@Oh...#
#..###$##.#
#..# # #..#
#... #.## #.
#.


You could see an ogre and a hound.

Vanquished Creatures
  A gnoll (D:1)
  5 adders
  A dart slug (D:2)
  2 orcs (D:3)
  9 ball pythons
  2 endoplasms
  A giant cockroach (D:2)
  5 goblins
  4 hobgoblins
  3 quokkas (D:1)
  A bat (D:1)
  2 frilled lizards (D:1)
  8 kobolds
  2 rats
46 creatures vanquished.

Notes
Turn   | Place    | Note
-------+----------+-------------------------------------------
     0 | D:1      | issech the Troll Fighter began the quest for the Orb.
     0 | D:1      | Reached XP level 1. HP: 22/22 MP: 0/0
   276 | D:1      | Reached XP level 2. HP: 24/29 MP: 1/1
   354 | D:1      | Found a faded altar of an unknown god.
   516 | D:1      | Reached XP level 3. HP: 35/36 MP: 2/2
  1540 | D:2      | Reached skill level 3 in Shields
  1839 | D:3      | Reached XP level 4. HP: 43/44 MP: 3/3
  2416 | D:4      | Noticed an ogre
  2422 | D:4      | Mangled by an ogre

Illustrated notes

Levels and vault maps discovered:
D:1:      ebering_trefoil_twist, layout_loops_ring, basic_ecumenical_altar,
          serial_glass, glass_columns_b, glass_columns_b, glass_columns_a,
          glass_columns_c, glass_columns_c, glass_columns_c
D:2:      layout_basic
D:3:      layout_loops_cross, solitary_fountain
D:4:      layout_loops_ring, gammafunk_ghost_abyssal_escape

Skill      XL: |  1  2  3 |
---------------+----------+-----
Maces & Flails | 2 |  2.8
Shields        | 3 |  3.0
Fighting       | |  2.9
Dodging        | |  2.9
Stealth        | |  0.1

Action                   |  1- 3 |  4- 6 || total
-------------------------+-------+-------++-------
Melee: Flail             |   109 |    35 ||   144
Armor: Robe              |    41 |    15 ||    56
Dodge: Dodged            |    41 |    12 ||    53
Block: Kite shield       |    53 |    15 ||    68

Table legend: (Time is in decaauts)
 A = Elapsed time spent in this place.
 B = Non-inter-level travel time spent in this place.
 C = Inter-level travel time spent in this place.
 D = Time resting spent in this place.
 E = Time spent auto-exploring this place.
 F = Levels seen in this place.
 G = Mean time per level.
                   A        B        C        D        E       F      G
               +--------+--------+--------+--------+--------+-----+--------+
         Total |   2483 |   2452 |     31 |      0 |   1199 |   4 |  620.8 |
       Dungeon |   2483 |   2452 |     31 |      0 |   1199 |   4 |  620.8 |
               +--------+--------+--------+--------+--------+-----+--------+

Top non-repeatable levels by time:
     D:1: 890 daAuts
     D:2: 787 daAuts
     D:3: 648 daAuts
     D:4: 157 daAuts
